 Dungeon Crawl Stone Soup version 0.25.1-2-g60ff931df9 (webtiles) character file.

Game seed: 3331910712677986313

700 hawla the Twirler (level 7, 0/59 HPs)
             Began as a Minotaur Gladiator on Oct 18, 2020.
             Slain by an ogre
             ... wielding a +0 giant club
              (26 damage)
             ... on level 5 of the Dungeon.
             The game lasted 00:08:07 (4230 turns).

hawla the Twirler (Minotaur Gladiator)              Turns: 4230, Time: 00:08:08

Health: 0/59       AC:  9    Str: 18 (20) XL:     7   Next: 38%
Magic:  6/6        EV: 11    Int:  4 (5)  God:
Gold:   136        SH:  0    Dex: 10 (12) Spells: 6/6 levels left

rFire    . . .     SeeInvis .   b - +3 quarterstaff (chaos)
rCold    . . .     Gourm    .   (shield currently unavailable)
rNeg     . . .     Faith    .   e - +0 scale mail
rPois    .         Spirit   .   c - +0 hat
rElec    .         Reflect  .   v - +0 cloak
rCorr    .         Harm     .   p - +0 pair of gloves
MR       .....                  (no boots)
Stlth    ..........             (no amulet)
HPRegen  0.19/turn              r - ring of wizardry
MPRegen  0.10/turn              (no ring)

@: no status effects
A: retaliatory headbutt, horns 2
a: no special abilities


You were on level 5 of the Dungeon.
You were not hungry.

You visited 1 branch of the dungeon, and saw 5 of its levels.

You collected 136 gold pieces.

Inventory:

Hand Weapons
 a - a +0 quarterstaff
 b - a +3 quarterstaff of chaos (weapon)
 l - a +2 dagger of distortion
Missiles
 d - 3 throwing nets
 h - 5 boomerangs
 j - 6 poisoned darts (quivered)
Armour
 c - a +0 hat (worn)
 e - a +0 scale mail (worn)
 n - a +0 chain mail
 o - a +2 robe of magic resistance
 p - a +0 pair of gloves (worn)
 t - a +0 plate armour
 v - a +0 cloak (worn)
Jewellery
 r - a ring of wizardry (left hand)
Scrolls
 k - 3 scrolls of identify
 q - 2 scrolls of remove curse
 u - 2 scrolls of enchant armour
Potions
 i - a potion of brilliance {unknown}
 m - 2 potions of heal wounds {unknown}
 s - a potion of mutation {unknown}
 z - 3 potions of stabbing
Comestibles
 f - 11 rations
 g - 6 chunks of flesh


   Skills:
 + Level 4.1 Fighting
 + Level 7.2 Staves
 + Level 3.0 Throwing
 + Level 2.8 Armour
 * Level 5.5 Dodging
 + Level 0.6 Stealth


You had 6 spell levels left.
You didn't know any spells.
Your spell library was empty.

Dungeon Overview and Level Annotations

Branches:
Dungeon (5/15)
 Temple: D:4-7

Altars:
Cheibriados
Fedhas
Xom
The Shining One


Innate Abilities, Weirdness & Mutations

You reflexively headbutt those who attack you in melee.
You have a pair of horns on your head.


Message History

Throwing (i - inventory. (/) - cycle)
j - 8 poisoned darts (quivered)
Press: ? - help, Shift-Dir - straight line, f - ogre
Aim: an ogre, wielding a +0 giant club You throw a poisoned dart.
The poisoned dart hits the ogre.
The ogre is poisoned.
Throwing (i - inventory. (/) - cycle)
j - 7 poisoned darts (quivered)
Press: ? - help, Shift-Dir - straight line, f/p - ogre
Aim: an ogre, wielding a +0 giant club (poisoned)
You throw a poisoned dart. The poisoned dart hits the ogre.
You hit the ogre.
The ogre is lightly wounded.
The ogre hits you but does no damage.
You hit the ogre but do no damage.
The ogre is lightly wounded.
The ogre hits you with a +0 giant club!!
You hit the ogre.
The ogre flickers and vanishes!
Deactivating autopickup; reactivate with Ctrl-A.
You hit something. Something hits you!
You miss something. You headbutt something. Something hits you!!
You die...

.. ##.#
#.. ##!.#
#.. #...#
#..##...#
##.......#
.........#
#.(...##
#..{@..##
#...#...#
#..##..##
#.. ##.#
#.. #.#
#.. #.#
... #.
#.## #..<
.. #..#
#... #..#
#...


There were no monsters in sight!

Vanquished Creatures
  An ogre (D:4)
  A centaur (D:5)
  A howler monkey (D:4)
  A crimson imp (D:5)
  A hound (D:4)
  Crazy Yiuf (D:2)
  3 orc priests
  An orc wizard (D:3)
  Jessica (D:2)
  2 worker ants
  A hound skeleton (D:4)
  3 gnolls (D:4)
  7 adders
  2 worms
  3 dart slugs
  3 leopard geckos
  23 orcs
  4 giant cockroaches
  7 goblins
  8 hobgoblins
  2 kobolds
  2 quokkas
  7 bats
  7 frilled lizards
  8 rats
  A fungus (D:2)
101 creatures vanquished.

Notes
Turn   | Place    | Note
-------+----------+-------------------------------------------
     0 | D:1      | hawla the Minotaur Gladiator began the quest for the Orb.
     0 | D:1      | Reached XP level 1. HP: 18/18 MP: 0/0
   206 | D:1      | Reached XP level 2. HP: 25/25 MP: 1/1
   309 | D:1      | Reached skill level 4 in Staves
   738 | D:2      | Reached XP level 3. HP: 28/30 MP: 2/2
   812 | D:2      | Found a shimmering altar of Xom.
   816 | D:2      | Noticed Jessica
   821 | D:2      | Killed Jessica
  1030 | D:2      | Reached XP level 4. HP: 16/37 MP: 3/3
  1382 | D:2      | Found a snail-covered altar of Cheibriados.
  1640 | D:2      | Found a runed translucent door.
  1641 | D:2      | Noticed Crazy Yiuf
  1834 | D:3      | Reached skill level 5 in Staves
  1838 | D:3      | Reached skill level 1 in Armour
  2012 | D:3      | Reached XP level 5. HP: 34/44 MP: 4/4
  2734 | D:3      | Found a glowing golden altar of the Shining One.
  2888 | D:2      | Killed Crazy Yiuf
  2888 | D:2      | Reached skill level 6 in Staves
  2950 | D:4      | Reached XP level 6. HP: 45/51 MP: 5/5
  2972 | D:4      | Reached skill level 5 in Dodging
  3095 | D:4      | Reached skill level 7 in Staves
  3471 | D:4      | Reached XP level 7. HP: 49/57 MP: 6/6
  3612 | D:4      | Found a blossoming altar of Fedhas.
  3900 | D:5      | Entered Level 5 of the Dungeon
  4230 | D:5      | Slain by an ogre

Illustrated notes

Levels and vault maps discovered:
D:1:      dpeg_arrival_short_road, layout_basic, minmay_split_cup_small
D:2:      layout_loops_ring, nicolae_overflow_hidden_temple, lemuel_round_altar,
          first_ration, minmay_box_of_dots, uniq_crazy_yiuf_cottage,
          uniq_jessica
D:3:      layout_rooms, lemuel_round_altar
D:4:      layout_cave_pools, lemuel_coloured_pillars_altar,
          serial_bayou_lagoon_b
D:5:      layout_layer_cave, hex_tiny, chequers_serial_rivers_micro_c

Skill      XL: |  1  2  3  4  5  6  7 |
---------------+----------------------+-----
Staves         | 4 5 6 7 |  7.2
Dodging        | 4 5 |  5.5
Armour         | 1 2 |  2.8
Fighting       | 3 4 |  4.1
Throwing       | 3 |  3.0
Stealth        | |  0.6

Action                   |  1- 3 |  4- 6 |  7- 9 || total
-------------------------+-------+-------+-------++-------
Melee: Quarterstaff      |    46 |   140 |    41 ||   227
       Headbutt          |     3 |    23 |     5 ||    31
Throw: Dart              |     2 |    17 |     2 ||    21
  Use: Scroll            |     2 |     4 |     1 ||     7
       Potion            |       |     4 |       ||     4
  Eat: Ration            |       |     1 |       ||     1
       Chunk             |       |     5 |     2 ||     7
Armor: Leather armour    |     8 |    20 |       ||    28
       Robe              |       |     1 |       ||     1
       Ring mail         |       |    25 |       ||    25
       Scale mail        |       |       |     7 ||     7
Dodge: Dodged            |    42 |    79 |    24 ||   145
